 Dungeon Crawl Stone Soup version 0.21-a0-538-gd16b88a (webtiles) character file.

1610 Amnesiac the Slinger (level 9, 0/56 HPs)
             Began as a Halfling Fighter on Dec 15, 2017.
             Was an Initiate of Okawaru.
             Slain by an orc warrior
             ... wielding a +0 war axe
              (9 damage)
             ... on level 6 of the Dungeon.
             The game lasted 00:09:56 (5614 turns).

Amnesiac the Slinger (Halfling Fighter)             Turns: 5614, Time: 00:09:56

Health: 0/56       AC:  9    Str: 20    XL:     9   Next: 16%
Magic:  9/9        EV: 11    Int:  6    God:    Okawaru [......]
Gold:   267        SH: 10    Dex: 14    Spells: 8/8 levels left

rFire    . . .     SeeInvis .   b - +1 short sword (elec)
rCold    . . .     Gourm    .   c - +0 shield
rNeg     . . .     Faith    .   p - +0 scale mail
rPois    .         Spirit   .   (no helmet)
rElec    .         Reflect  .   r - +0 cloak
rCorr    .         Harm     .   A - +0 pair of gloves
MR       .....                  (no boots)
Stlth    ..........             F - amulet of magic regeneration
HPRegen  0.18/turn              (no ring)
MPRegen  0.36/turn              (no ring)

@: no status effects
A: small, mutation resistance 1
a: Renounce Religion


You were on level 6 of the Dungeon.
You worshipped Okawaru.
Okawaru was noncommittal.
You were not hungry.

You visited 2 branches of the dungeon, and saw 7 of its levels.
You also visited: Sewer.

You collected 393 gold pieces.
You spent 126 gold pieces at shops.

Inventory:

Hand Weapons
 a - a +0 hunting sling
 b - a +1 short sword of electrocution (weapon)
 C - a +1 dagger of draining
 E - a +1 dagger of draining
Missiles
 e - 250 stones (quivered)
 m - 51 sling bullets
 w - 23 poisoned needles
Armour
 c - a +0 shield (worn)
 p - a +0 scale mail (worn)
 r - a +0 cloak (worn)
 A - a +0 pair of gloves (worn)
 I - a +0 buckler
Jewellery
 F - an amulet of magic regeneration (around neck)
Wands
 o - a wand of disintegration (11)
 y - a wand of random effects (27)
 H - a wand of iceblast (12)
Scrolls
 h - 4 scrolls of remove curse {!r, unknown}
 k - 4 scrolls of identify {!r, unknown}
 l - 2 scrolls of blinking {!r, unknown}
 n - a scroll of random uselessness {!r, unknown}
 s - 5 scrolls of teleportation {!r, unknown}
 u - 3 scrolls of enchant armour {!r, unknown}
 D - a scroll of enchant weapon {!r, unknown}
 J - a scroll of fear {!r, unknown}
 M - a scroll of magic mapping {!r, unknown}
Potions
 d - 2 potions of might {!q}
 g - 4 potions of curing {!q}
 i - a potion of invisibility {!q, unknown}
 v - 2 potions of brilliance {!q, unknown}
 x - a potion of berserk rage {!q, unknown}
 B - a potion of lignification {!q, unknown}
 G - a potion of magic {!q, unknown}
 K - a potion of heal wounds {!q}
 L - a potion of flight {!q, unknown}
Comestibles
 f - 5 bread rations
 j - 5 fruits
 q - a meat ration
 t - 6 chunks of flesh
 z - a royal jelly


   Skills:
 * Level 3.1 Fighting
 + Level 7.7 Short Blades
 * Level 11.0 Slings
 * Level 3.6 Armour
 * Level 3.5 Dodging
 * Level 3.6 Shields


You had 8 spell levels left.
You didn't know any spells.

Dungeon Overview and Level Annotations

Branches:
Dungeon (6/15)             Temple (1/1) D:6

Altars:
Dithmenos
Elyvilon
Gozag
Hepliaklqana
Okawaru
Ru
Vehumet
Xom

Shops:
D:4 !


Innate Abilities, Weirdness & Mutations

You are small and have problems with some larger weapons.
You are somewhat resistant to further mutation.


Message History

You swap places.
An orc comes into view. It is wielding a mace.
The orc shouts!
You hear a shout!
Found a dagger.
An orc is nearby!
An orc warrior comes into view. It is wielding a war axe.
There are monsters nearby!
You block the orc's attack.
You hit the orc.
The orc is almost dead.
You barely miss the orc.
The orc is almost dead.
The orc hits you with a mace. You block the orc warrior's attack.
You completely miss the orc.
The orc is almost dead.
The orc hits you with a mace.
The orc warrior throws a stone.
You block the stone.
The orc warrior throws a stone.
You block the stone.
You see here a stone.
You hit the orc. Lightning courses through the orc!
You kill the orc!
Okawaru accepts your kill.
The orc warrior throws a stone.
You block the stone. You block the orc warrior's attack.
You see here a stone.
You closely miss the orc warrior. You block the orc warrior's attack.
You hit the orc warrior but do no damage.
Your shield prevents you from hitting the orc warrior.
The orc warrior hits you with a war axe.
You hit the orc warrior but do no damage.
You block the orc warrior's attack.
You hit the orc warrior but do no damage.
You barely miss the orc warrior. The orc warrior closely misses you.
You hit the orc warrior but do no damage.
The orc warrior hits you with a war axe!
You closely miss the orc warrior. You barely miss the orc warrior.
The orc warrior hits you with a war axe!
* * * LOW HITPOINT WARNING * * *
You barely miss the orc warrior.
The orc warrior hits you with a war axe!
* * * LOW HITPOINT WARNING * * *
You hit the orc warrior but do no damage.
You closely miss the orc warrior. You block the orc warrior's attack.
Unknown command.
You hit the orc warrior but do no damage.
The orc warrior hits you but does no damage.
You hit the orc warrior.
The orc warrior is lightly wounded.
You barely miss the orc warrior.
The orc warrior is lightly wounded.
The orc warrior hits you with a war axe!
* * * LOW HITPOINT WARNING * * *
You hit the orc warrior.
Lightning courses through the orc warrior!
The orc warrior is heavily wounded.
Okay, then.
You completely miss the orc warrior.
The orc warrior is heavily wounded.
You block the orc warrior's attack.
You hit the orc warrior but do no damage.
The orc warrior is heavily wounded.
The orc warrior hits you with a war axe!
You die...

...######## ##..... ...........
.. ## .#####...... <.)########
#.##....#.......... ...####
#.##.#.)#.###...... ......#
#.##.#..#.# ##..... ##.##.#
#.......#.# ##.... #.##.#
#.##..#.#.# ##.#. #.##.#
##.##..#.#.######.#. #.##.##
###..@o....#.##...<.#.
#.#...#####....##(.###.##.#####.
#.........#.#.###..# #.##.# .
###...###.#.#.# #o.###.##.# ##.##
#.#.#.# #......##.#
###.####.#.#.###...#..##.#####.
#....)............>............
###.#....#...............########
....####.#########..#.##.#


You could see an orc warrior.

Vanquished Creatures
  Pikel (D:6)
  An ice beast (D:6)
  A centaur (D:5)
  3 bullfrogs
  A howler monkey (D:5)
  2 crimson imps (D:6)
  3 orc wizards (D:4)
  3 orc priests
  2 iguanas
  Ijyb (D:3)
  4 worker ants
  A howler monkey skeleton (D:6)
  7 adders
  7 oozes
  5 worms
  A dart slug (D:1)
  13 leopard geckos
  14 orcs
  5 bats
  16 giant cockroaches
  7 goblins
  4 hobgoblins
  9 jackals
  7 kobolds
  11 ball pythons
  6 frilled lizards
  5 rats
  A fungus (D:6)
141 creatures vanquished.

Vanquished Creatures (others)
  2 bullfrogs (D:6)
  A crimson imp (D:6)
  An orc wizard (D:6)
  A worker ant (D:6)
5 creatures vanquished.

Grand Total: 146 creatures vanquished

Notes
Turn   | Place    | Note
-------+----------+-------------------------------------------
     0 | D:1      | Amnesiac the Halfling Fighter began the quest for the Orb.
     0 | D:1      | Reached XP level 1. HP: 15/15 MP: 1/1
    26 | D:1      | Reached skill level 1 in Dodging
    32 | D:1      | Reached XP level 2. HP: 16/20 MP: 2/2
   489 | D:1      | Reached XP level 3. HP: 25/25 MP: 3/3
  1049 | D:2      | Reached XP level 4. HP: 30/30 MP: 4/4
  1710 | D:3      | Noticed Ijyb
  1757 | D:3      | Killed Ijyb
  1757 | D:3      | Reached XP level 5. HP: 30/35 MP: 5/5
  2090 | D:3      | Reached skill level 1 in Slings
  2340 | D:4      | Found Hikisim's Distillery.
  2345 | D:4      | Bought a potion of heal wounds for 70 gold pieces
  2345 | D:4      | Bought a potion of curing for 42 gold pieces
  2345 | D:4      | Bought a potion of degeneration for 14 gold pieces
  2390 | D:4      | Reached skill level 2 in Slings
  2390 | D:4      | Reached XP level 6. HP: 38/41 MP: 6/6
  2400 | D:4      | Reached skill level 3 in Slings
  2596 | D:4      | Found a glowing drain.
  2639 | D:4      | Reached skill level 4 in Slings
  2650 | Sewer    | Entered a sewer
  3057 | Sewer    | Reached XP level 7. HP: 46/46 MP: 7/7
  3069 | Sewer    | Reached skill level 5 in Slings
  3103 | Sewer    | Reached skill level 5 in Short Blades
  3119 | Sewer    | Reached skill level 6 in Slings
  3835 | D:5      | Entered Level 5 of the Dungeon
  3857 | D:5      | Reached skill level 7 in Slings
  4266 | D:5      | Reached XP level 8. HP: 50/52 MP: 8/8
  4598 | D:6      | Found a sacrificial altar of Ru.
  4689 | D:6      | Reached skill level 8 in Slings
  4928 | D:6      | Reached skill level 9 in Slings
  5192 | D:6      | Noticed Pikel
  5204 | D:6      | Killed Pikel
  5204 | D:6      | Reached skill level 10 in Slings
  5204 | D:6      | Reached XP level 9. HP: 33/56 MP: 9/9
  5213 | D:6      | Reached skill level 11 in Slings
  5381 | D:6      | Found a staircase to the Ecumenical Temple.
  5422 | Temple   | Entered the Ecumenical Temple
  5441 | Temple   | Became a worshipper of Warmaster Okawaru
  5614 | D:6      | Slain by an orc warrior

Vault maps used:
D:1:      nzn_arrival_crosshair
D:2:      first_bread, kennysheep_generic_room_13
D:3:      uniq_ijyb
D:4:      serial_shops, shop, portal_sewer_entry_f
D:6:      minmay_temple_entry_overgrown, nicolae_ru_the_path_less_chosen,
          uniq_pikel
Temple:   eino_temple_scatter_basement
Sewer:    sewer_frog_island_02

Skill      XL: |  1  2  3  4  5  6  7  8  9 |
---------------+----------------------------+-----
Dodging        | 1 2 3 |  3.5
Short Blades   | 4 5 7 |  7.7
Slings         | 2 4 7 10 11 | 11.0
Fighting       | 3 |  3.1
Armour         | |  3.6
Shields        | |  3.6

Action                   |  1- 3 |  4- 6 |  7- 9 || total
-------------------------+-------+-------+-------++-------
Melee: Rapier            |    63 |       |       ||    63
       Short sword       |       |   100 |   197 ||   297
 Fire: Hunting sling     |    25 |   187 |       ||   212
  Use: Potion            |       |       |     2 ||     2
  Eat: Chunk             |       |     7 |     8 ||    15
Armor: Scale mail        |    26 |    71 |    38 ||   135
Dodge: Dodged            |    35 |   106 |    42 ||   183
Block: Shield            |    46 |   124 |    80 ||   250

Table legend:
 A = Spawn XP
 B = Non-spawn XP
 C = Spawn XP percentage of total XP
 D = Spawn monster count
 E = Non-spawn monster count
 F = Spawn count percentage of total count
 G = Total turns spent on level
                    A         B        C        D         E        F      G
               +---------+---------+-------+---------+---------+-------+---------
         Total |       0 |    2300 |   0.0 |       0 |     141 |   0.0 |  5614
               +---------+---------+-------+---------+---------+-------+---------
           D:1 |       0 |      42 |   0.0 |       0 |      17 |   0.0 |   833
           D:2 |       0 |      71 |   0.0 |       0 |      17 |   0.0 |   743
           D:3 |       0 |      86 |   0.0 |       0 |      21 |   0.0 |   740
           D:4 |       0 |     283 |   0.0 |       0 |      23 |   0.0 |   860
           D:5 |       0 |     293 |   0.0 |       0 |       7 |   0.0 |   922
           D:6 |       0 |    1226 |   0.0 |       0 |      16 |   0.0 |   819
         Sewer |       0 |     299 |   0.0 |       0 |      40 |   0.0 |   659
               +---------+---------+-------+---------+---------+-------+---------
